 Dungeon Crawl Stone Soup version 0.21.1-1-g345015f (webtiles) character file.

93 MrElk the Slasher (level 4, 0/41 HPs)
             Began as a Minotaur Berserker on July 25, 2018.
             Was a Believer of Trog.
             Slain by Rwicked's ghost (2 damage)
             ... on level 3 of the Dungeon.
             The game lasted 00:10:18 (2397 turns).

MrElk the Slasher (Minotaur Berserker)              Turns: 2397, Time: 00:10:19

Health: 0/41       AC:  5    Str: 23    XL:     4   Next: 36%
Magic:  3/3        EV: 12    Int:  4    God:    Trog [**....]
Gold:   88         SH:  0    Dex:  9    Spells: 3/3 levels left

rFire    . . .     SeeInvis .   a - +0 falchion
rCold    . . .     Gourm    .   (no shield)
rNeg     . . .     Faith    .   i - +0 robe (curse)
rPois    .         Spirit   .   (helmet restricted)
rElec    .         Reflect  .   q - +2 cloak {+Inv}
rCorr    .         Harm     .   (no gloves)
MR       ++...                  (no boots)
Stlth    +.........             (no amulet)
HPRegen  1.13/turn              (no ring)
MPRegen  0.08/turn              (no ring)

@: regenerating
A: retaliatory headbutt, horns 2
a: Berserk, Trog's Hand, Burn Spellbooks, Renounce Religion, Evoke Invisibility


You were on level 3 of the Dungeon.
You worshipped Trog.
Trog was pleased with you.
You were not hungry.

You visited 1 branch of the dungeon, and saw 3 of its levels.

You collected 88 gold pieces.

Inventory:

Hand Weapons
 a - a +0 falchion (weapon)
Missiles
 e - 55 stones (quivered)
 p - 47 arrows
 y - 22 sling bullets
 B - 16 poisoned needles
Armour
 b - a +0 animal skin
 f - a +0 leather armour
 h - a +0 leather armour
 i - a cursed +0 robe (worn)
 n - a +0 scale mail
 q - a +2 cloak of invisibility (worn)
 t - a +0 ring mail
 u - a +0 chain mail
 v - a cursed +0 ring mail
 w - a +0 ring mail
 A - a +0 ring mail
 C - a +0 chain mail
Wands
 z - a wand of paralysis (13)
Scrolls
 d - 2 scrolls of teleportation
 j - a scroll of identify {unknown}
 m - a scroll of enchant weapon {unknown}
 o - a scroll of fog {unknown}
 r - a scroll of random uselessness {unknown}
 s - a scroll of blinking {unknown}
 x - a scroll of magic mapping {unknown}
Potions
 g - a potion of mutation {unknown}
 k - 2 potions of might {unknown}
 l - 2 potions of curing {unknown}
Comestibles
 c - 6 rations


   Skills:
 + Level 4.5 Fighting
 + Level 5.2 Long Blades
 + Level 2.6 Armour
 + Level 2.7 Dodging
 + Level 0.2 Stealth


You had 3 spell levels left.
You didn't know any spells.

Dungeon Overview and Level Annotations

Branches:
Dungeon (3/15)

Altars:
Okawaru
Uskayaw
Wu Jian
Xom

Annotations:
D:3 Rwicked's ghost, amateur GnSk


Innate Abilities, Weirdness & Mutations

You reflexively headbutt those who attack you in melee.
You have a pair of horns on your head.


Message History

You slash Rwicked's ghost!
Rwicked's ghost is severely damaged.
Rwicked's ghost misses you.
You riposte.
You hit Rwicked's ghost but do no damage.
You headbutt Rwicked's ghost.
Rwicked's ghost is severely damaged.
Rwicked's ghost hits you but does no damage.
You hit Rwicked's ghost but do no damage.
Rwicked's ghost is severely damaged.
You feel the effects of Trog's Hand fading.
Rwicked's ghost closely misses you.
You hit Rwicked's ghost. Your headbutt misses Rwicked's ghost.
Rwicked's ghost is severely damaged.
Rwicked's ghost hits you!
* * * LOW HITPOINT WARNING * * *
You hit Rwicked's ghost but do no damage.
You headbutt Rwicked's ghost!
Rwicked's ghost is almost destroyed.
Rwicked's ghost hits you.
You die...

.##.# .##.# .. .##.#
##.. .##.# ###### ...
[##.####....# #..
.'......>##.# #.#
.##.####.##.# #.#######
.........##.####W.......
#####'##..#.....@...#
...)................#
...........#........#
........#..##########
........#..#
........#..#
.....)..#...
........##..#
##########..#


You could see Rwicked's ghost.

Vanquished Creatures
  Terence (D:3)
  An adder (D:2)
  2 oozes
  3 dart slugs
  7 orcs (D:3)
  3 bats
  2 giant cockroaches
  A goblin (D:1)
  5 hobgoblins
  2 jackals (D:3)
  A frilled lizard (D:1)
  7 kobolds
  3 rats
38 creatures vanquished.

Notes
Turn   | Place    | Note
-------+----------+-------------------------------------------
     0 | D:1      | MrElk the Minotaur Berserker began the quest for the Orb.
     0 | D:1      | Reached XP level 1. HP: 19/19 MP: 0/0
   623 | D:1      | Reached skill level 4 in Long Blades
   623 | D:1      | Reached XP level 2. HP: 27/27 MP: 1/1
   991 | D:2      | Found a shimmering altar of Xom.
  1360 | D:2      | Reached XP level 3. HP: 32/33 MP: 2/2
  1392 | D:2      | Found a faded altar of an unknown god.
  1526 | D:2      | Reached ** piety under Trog
  1909 | D:2      | Found an iron altar of Okawaru.
  1909 | D:2      | Found an ornate altar of the Wu Jian Council.
  1909 | D:2      | Found a hide-covered altar of Uskayaw.
  2337 | D:3      | Noticed Terence
  2340 | D:3      | Reached XP level 4. HP: 41/41 MP: 3/3
  2357 | D:3      | Killed Terence
  2357 | D:3      | Reached skill level 5 in Long Blades
  2381 | D:3      | Noticed Rwicked's ghost (amateur GnSk)
  2396 | D:3      | HP: 1/41 [Rwicked's ghost (9)]
  2397 | D:3      | Slain by Rwicked's ghost

Skill      XL: |  1  2  3  4 |
---------------+-------------+-----
Long Blades    | 4 5 |  5.2
Fighting       | 4 |  4.5
Armour         | |  2.6
Dodging        | |  2.7
Stealth        | |  0.2

Action                   |  1- 3 |  4- 6 || total
-------------------------+-------+-------++-------
Melee: Falchion          |    69 |    17 ||    86
       Headbutt          |    14 |     8 ||    22
Invok: Berserk           |     2 |       ||     2
       Trog's Hand       |       |     1 ||     1
  Use: Scroll            |     1 |       ||     1
 Stab: Sleeping          |     1 |       ||     1
  Eat: Ration            |     2 |       ||     2
       Chunk             |     1 |       ||     1
Armor: Robe              |    17 |     3 ||    20
       Leather armour    |     1 |       ||     1
Dodge: Dodged            |    47 |     7 ||    54
       Rpst.: Falchion   |     8 |     4 ||    12
